 Dungeon Crawl Stone Soup version 0.25.0-26-g0c896c7088 (webtiles) character file.

Game seed: 5727948055823091379

205 MisterFreud the Digger (level 5, -4/45 HPs)
             Began as a Ghoul Earth Elementalist on July 2, 2020.
             Slain by an orc wizard
             ... wielding a +0 dagger
              (5 damage)
             ... on level 3 of the Dungeon.
             The game lasted 00:07:39 (3235 turns).

MisterFreud the Digger (Ghoul Earth Elementalist)   Turns: 3235, Time: 00:07:40

Health: -4/45      AC:  3    Str: 12    XL:     5   Next: 83%
Magic:  5/8        EV: 12    Int: 11    God:
Gold:   126        SH:  0    Dex: 15    Spells: 6/10 levels left

rFire    + . .     SeeInvis .   l - +2 whip (elec)
rCold    + + .     Gourm    .   (no shield)
rNeg     + + +     Faith    .   c - +1 robe
rPois    ∞         Spirit   .   (no helmet)
rElec    .         Reflect  .   k - scarf {rC+ rF+}
rCorr    .         Harm     .   (no gloves)
MR       +....                  (no boots)
Stlth    ++........             (no amulet)
HPRegen  0.00/turn              i - ring of protection from magic
MPRegen  0.11/turn              o - +6 ring of dexterity

@: rotting
A: rotting body, claws 1, carnivore, cold resistance 1, negative energy
resistance 3, inhibited regeneration, torment resistance, unbreathing
a: no special abilities


You were on level 3 of the Dungeon.
You were not hungry.

You visited 1 branch of the dungeon, and saw 5 of its levels.

You collected 126 gold pieces.

Inventory:

Hand Weapons
 g - a +1 whip
 l - a +2 whip of electrocution (weapon)
Missiles
 b - 44 stones (quivered)
Armour
 c - a +1 robe (worn)
 k - a scarf of resistance (worn)
Jewellery
 e - an uncursed ring of flight
 i - a ring of protection from magic (left claw)
 o - a +6 ring of dexterity (right claw)
Scrolls
 h - a scroll of amnesia
 m - 3 scrolls of enchant armour
 n - a scroll of remove curse
 q - 5 scrolls of identify
Potions
 a - 4 potions of haste
 f - a potion of curing
Comestibles
 d - 10 rations


   Skills:
 + Level 3.2 Fighting
 - Level 1.7 Dodging
 - Level 2.1 Stealth
 - Level 3.0 Spellcasting
   Level 0.8 Transmutations
 - Level 5.0 Earth Magic


You had 6 spell levels left.
You knew the following spells:

 Your Spells              Type           Power        Failure   Level  Hunger
a - Sandblast             Erth           ##....       3%          1    #......
b - Stone Arrow           Conj/Erth      #.....       28%         3    ###....

Your spell library contained the following spells:

 Spells                   Type           Power        Failure   Level  Hunger
 Passwall                 Tmut/Erth      #.......     12%         2    ###....
 Animate Skeleton         Necr           N/A          26%         1    #......
 Apportation              Tloc           #.....       26%         1    #......
 Corona                   Hex            #......      26%         1    #......
 Summon Small Mammal      Summ           #...         26%         1    #......
 Petrify                  Tmut/Erth      #.......     61%         4    #####..
 Lee's Rapid Deconstruct  Erth           ##........   67%         5    ######.


Dungeon Overview and Level Annotations

Branches:
Dungeon (5/15)
 Temple: D:4-7

Altars:

Annotations:
D:5 Blork the orc


Innate Abilities, Weirdness & Mutations

Your body is rotting away.
You thrive on raw meat.
You are immune to poison.
You have sharp fingernails.
You are carnivorous and can eat meat at any time.
Your flesh is cold resistant. (rC+)
You are immune to negative energy. (rN+++)
You do not regenerate when monsters are visible.
You are immune to unholy pain and torment.
You can survive without breathing.


Message History

Press: ? - help, Shift-Dir - straight line, f/p - orc wizard
Aim: an orc wizard, wielding a +0 dagger and wearing a +0 robe (moderately wounded, fast)
The blast of sand hits the orc wizard!
The orc wizard is almost dead.
b - 45 stones The orc wizard points at you and mumbles some strange words.
The puff of flame hits you. You resist.
* * * LOW HITPOINT WARNING * * *
Unknown command.
Casting: Sandblast (safe; 3% risk of failure)
Confirm with . or Enter, or press ? or * to list all spells.
Aiming: Sandblast (safe; 3% risk of failure)
Press: ? - help, Shift-Dir - straight line, f/p - orc wizard
Aim: an orc wizard, wielding a +0 dagger and wearing a +0 robe (almost dead, fast)
The blast of sand hits the orc wizard.
The orc wizard is almost dead.
b - 44 stones The orc wizard casts a cantrip, but nothing happens.
The orc wizard hits you with a +0 dagger.
You die...

#...###...^.. #..%
s..... #### #.####
.# ########### #####
#.......... #.)@#
#..........
#.#o######..........
#r#.........>>......
#{########..........
#o# #..........
#......l.#
##.########
#........#
###...÷.....
#..o.o...#
#...[)######
#........#
#...........


You could see an orc wizard (fast).

Vanquished Creatures
  2 orc priests (D:3)
  2 orc wizards (D:3)
  2 adders
  6 dart slugs
  3 leopard geckos
  2 orcs (D:3)
  7 bats
  4 giant cockroaches
  4 goblins
  9 hobgoblins
  4 jackals (D:3)
  6 kobolds
  A frilled lizard (D:1)
  9 rats
61 creatures vanquished.

Notes
Turn   | Place    | Note
-------+----------+-------------------------------------------
     0 | D:1      | MisterFreud the Ghoul Earth Elementalist began the quest
                  | for the Orb.
     0 | D:1      | Reached XP level 1. HP: 14/14 MP: 2/2
   242 | D:1      | Reached skill level 1 in Fighting
   275 | D:1      | Reached XP level 2. HP: 18/24 MP: 3/3
   771 | D:1      | Reached XP level 3. HP: 29/30 MP: 4/4
  1972 | D:2      | Reached skill level 4 in Earth Magic
  2228 | D:4      | Reached XP level 4. HP: 38/38 MP: 5/5
  2271 | D:4      | Noticed an ogre
  2301 | D:5      | Entered Level 5 of the Dungeon
  2315 | D:5      | Noticed Blork the orc
  2733 | D:3      | Learned a level 3 spell: Stone Arrow
  2938 | D:3      | Reached skill level 5 in Earth Magic
  2949 | D:3      | Reached XP level 5. HP: 15/45 MP: 5/7
  3234 | D:3      | HP: 1/45 [orc wizard/puff of flame (4)]
  3235 | D:3      | Slain by an orc wizard

Illustrated notes

Levels and vault maps discovered:
D:1:      nicolae_arrival_washed_ashore, layout_rooms,
          hangedman_abyss_or_decor_lesser_grid, chequers_serial_rivers_small_b,
          wad_floor_pattern_1
D:2:      layout_basic
D:3:      layout_basic, st_stairs_1
D:4:      layout_basic, first_ration, lightli_sewer_entry_pipes
D:5:      layout_gridville, old_standard_altar,
          minmay_temple_entry_antechambers, enter_ossuary_1,
          minmay_statues_item, uniq_blork_the_orc

Skill      XL: |  1  2  3  4  5 |
---------------+----------------+-----
Fighting       | 1 2 3 |  3.2
Earth Magic    | 4 5 |  5.0
Spellcasting   | 2 3 |  3.0
Dodging        | |  1.7
Stealth        | |  2.1
Transmutations | |  0.8

Action                   |  1- 3 |  4- 6 || total
-------------------------+-------+-------++-------
Melee: Unarmed           |    29 |       ||    29
       Whip              |   151 |    65 ||   216
 Cast: Sandblast         |     9 |    19 ||    28
  Use: Scroll            |     6 |     4 ||    10
       Potion            |       |     4 ||     4
 Stab: Sleeping          |     3 |     1 ||     4
       Distracted        |     1 |       ||     1
  Eat: Chunk             |     8 |     3 ||    11
Armor: Robe              |    58 |    34 ||    92
Dodge: Dodged            |   110 |    52 ||   162
